Map: Oxide LE

Players

Antis

  • Race: Zerg Zerg

Nina - Winner!

  • Race: Protoss Protoss

VOD

Have the link to the VOD?

Description

Time

  • Played on: Oct. 6, 2021, 5:16 p.m.
  • Length: 11:59
Show
View Real Time Build Order
Export as new Build Order

Antis Zerg 

Build Orders: Pool First 

Get SALT Encoding   

  12  0:00  Drone  
  13  0:12  Overlord  
  13  0:17  Drone  
  14  0:31  Drone x2  
  16  0:41  Spawning Pool  
  15  0:48  Drone  
  15  0:49  Drone  
  17  1:13  Hatchery  
  17  1:16  Drone  
  17  1:28  Zergling x6  
  22  1:45  Hatchery  
  19  1:48  Zergling x2  
  20  1:57  Zergling x2  
  21  2:06  Zergling x2  
  22  2:11  Overlord  
  21  2:26  Zergling x2, Queen  
  21  2:29  Zergling x2  
  24  2:35  Zergling x2  
  25  2:37  Queen  
  25  2:38  Zergling x2  
  28  2:50  Zergling x2  
  27  2:56  Zergling x2  
  26  3:01  Drone  
  26  3:08  Zergling x2  
  26  3:09  Zergling x2  
  26  3:11  Zergling x4  
  30  3:14  Queen  
  30  3:16  Extractor  
  30  3:21  Drone x2  
  31  3:34  Drone x2  
  31  3:41  Drone x2  
  31  3:42  Zergling x4  
  31  3:43  Zergling x2  
  36  3:49  Overlord  
  36  3:51  Drone  
  35  3:58  Drone x3  
  37  4:03  Drone  
  37  4:08  Drone  
  39  4:16  Drone  
  39  4:21  Drone  
  39  4:27  Drone x4  
  43  4:32  Roach Warren  
  43  4:34  Drone x4  
  45  4:45  Drone  
  45  4:49  Overlord  
  46  4:55  Extractor  
  46  4:59  Overlord  
  45  5:06  Queen, Overlord  
  45  5:11  Hatchery  
  45  5:13  Roach  
  45  5:14  Roach x2  
  52  5:21  Roach x4  
  59  5:24  Extractor  
  56  5:39  Drone  
  56  5:40  Drone x3  
  56  5:41  Drone  
  56  5:42  Ravager  
  62  5:45  Lair  
  62  5:46  Queen  
  64  5:51  Drone x2  
  64  5:56  Drone  
  67  5:59  Overlord x2  
  65  6:11  Drone x2  
  67  6:12  Overlord x2  
  67  6:19  Drone  
  68  6:26  Drone x2  
  68  6:27  Drone x3  
  73  6:34  Ravager  
  73  6:35  Ravager  
  73  6:36  Ravager  
  73  6:38  Roach x4  
  84  6:41  Queen x2  
  84  6:43  Glial Reconstitution  
  84  6:45  Overlord  
  88  6:53  Drone x6  
  94  7:06  Drone, Overlord  
  95  7:10  Drone x3, Evolution Chamber  
  95  7:14  Drone x3  
  99  7:16  Drone  
  99  7:19  Extractor  
  99  7:23  Drone x5  
  99  7:24  Hatchery  
  103  7:30  Overseer  
  103  7:33  Overlord x3  
  103  7:36  Zerg Missile Weapons Level 1, Extractor  
  102  7:37  Extractor  
  102  7:41  Spire  
  100  7:47  Overlord  
  100  7:48  Overlord  
  100  7:57  Metabolic Boost  
  101  7:59  Roach  
  101  8:00  Roach x7  
  117  8:08  Zergling x2  
  117  8:11  Roach x5  
  117  8:12  Roach  
  130  8:14  Ravager x2  
  132  8:21  Roach x4  
  132  8:25  Ravager, Overlord  
  132  8:26  Overlord  
  141  8:33  Zergling x2, Roach x4  
  141  8:34  Zergling x2  
  151  8:47  Ravager x2  
  153  8:49  Roach x8  
  167  9:03  Overlord x3  
  167  9:04  Overlord  
  167  9:06  Drone x5  
  168  9:18  Zergling x4  
  168  9:19  Zergling x12  
  168  9:22  Ravager x2  
  178  9:34  Zergling x2  
  178  9:35  Zergling x24  
  166  9:56  Roach  
  166  9:57  Roach x11  
  155  10:11  Roach x8  
  161  10:19  Ravager x7  
  168  10:23  Roach  
  168  10:24  Roach x3  
  156  10:46  Drone x12  
  156  10:47  Drone x2  
  156  10:49  Infestation Pit  
  168  10:53  Roach x5  
  168  10:54  Roach  
  153  11:06  Ravager x3  
  153  11:07  Ravager  
  153  11:09  Zergling x16  
  153  11:10  Zergling x6  
  167  11:12  Overseer  
  167  11:20  Roach x6  
  169  11:31  Roach  
  169  11:32  Roach x4  
  179  11:33  Drone  
Show
View Real Time Build Order
Export as new Build Order

Nina Protoss - Winner!

Build Orders: 1 Gate Expand 

Get SALT Encoding   

  12  0:00  Probe  
  13  0:14  Pylon  
  13  0:17  Probe  
  14  0:29  Probe (Chrono Boost)  
  15  0:40  Probe (Chrono Boost)  
  15  0:41  Gateway  
  16  0:45  Probe (Chrono Boost)  
  17  0:53  Assimilator  
  17  0:55  Probe  
  18  1:07  Probe  
  19  1:19  Probe  
  20  1:28  Nexus  
  20  1:39  Cybernetics Core  
  20  1:41  Zealot (Chrono Boost)  
  20  1:46  Probe  
  23  1:54  Pylon  
  23  2:04  Assimilator  
  23  2:12  Adept (Chrono Boost), Probe  
  25  2:24  Probe  
  25  2:28  Shield Battery  
  26  2:34  Shield Battery  
  26  2:36  Probe  
  27  2:48  Probe  
  27  2:54  Adept (Chrono Boost)  
  28  3:00  Probe  
  28  3:04  Warp Gate  
  29  3:13  Probe, Pylon  
  30  3:24  Adept (Chrono Boost)  
  30  3:25  Probe  
  33  3:34  Pylon  
  33  3:35  Probe  
  33  3:37  Probe  
  35  3:46  Robotics Facility  
  31  3:48  Adept (Chrono Boost)  
  31  3:49  Probe  
  34  3:55  Gateway  
  34  3:58  Probe  
  35  4:03  Probe  
  35  4:10  Probe  
  35  4:15  Adept, Probe (Chrono Boost)  
  39  4:27  Probe x2 (Chrono Boost)  
  40  4:34  Observer  
  40  4:35  Probe (Chrono Boost)  
  40  4:37  Probe (Chrono Boost)  
  43  4:41  Probe  
  44  4:47  Probe  
  45  4:53  Probe  
  45  4:54  Sentry  
  45  4:59  Probe  
  49  5:06  Immortal (Chrono Boost), Probe  
  54  5:07  Sentry  
  54  5:11  Probe  
  57  5:16  Gateway  
  57  5:18  Probe  
  58  5:23  Probe  
  59  5:30  Probe  
  59  5:35  Probe  
  61  5:38  Nexus  
  61  5:42  Probe  
  62  5:49  Robotics Bay  
  62  5:50  Pylon  
  62  5:57  Pylon  
  60  6:04  Probe x2  
  60  6:07  Immortal (Chrono Boost)  
  60  6:09  Pylon  
  60  6:10  Pylon, Sentry  
  66  6:12  Zealot  
  66  6:16  Assimilator x2, Probe x2  
  70  6:20  Gateway  
  70  6:22  Gateway  
  70  6:28  Probe x2  
  70  6:32  Phoenix  
  72  6:33  Twilight Council  
  72  6:36  Disruptor (Chrono Boost)  
  72  6:39  Pylon  
  75  6:40  Probe x2  
  75  6:43  Zealot  
  75  6:44  Zealot  
  81  6:48  Pylon  
  81  6:51  Probe  
  81  6:52  Probe  
  81  6:53  Probe  
  84  6:56  Zealot  
  84  6:57  Phoenix  
  86  7:03  Probe  
  86  7:04  Shield Battery  
  86  7:07  Disruptor  
  90  7:09  Probe  
  91  7:15  Blink  
  91  7:17  Gateway x2  
  91  7:24  Probe (Chrono Boost)  
  91  7:25  Probe x2 (Chrono Boost)  
  91  7:26  Pylon  
  94  7:30  Stalker  
  94  7:31  Stalker  
  94  7:37  Probe x2 (Chrono Boost)  
  100  7:40  Forge  
  100  7:42  Probe (Chrono Boost)  
  100  7:43  Disruptor  
  104  7:48  Stalker x3  
  110  7:56  Assimilator, Probe  
  110  7:57  Assimilator  
  111  8:00  Stalker x2  
  115  8:06  Gateway  
  115  8:07  Pylon  
  115  8:09  Probe, Protoss Ground Weapons Level 1 (Chrono Boost)  
  115  8:10  Probe x2  
  118  8:13  Observer  
  118  8:14  Pylon  
  118  8:17  Photon Cannon  
  118  8:18  Stalker  
  120  8:25  Photon Cannon  
  120  8:29  Stalker x2  
  120  8:33  Warp Prism  
  124  9:02  Nexus  
  124  9:05  Pylon  
  124  9:08  Pylon  
  122  9:18  Stalker x6  
  122  9:19  Stalker x2  
  122  9:20  Charge  
  122  9:22  Photon Cannon  
  138  9:28  Photon Cannon  
  138  9:29  Disruptor  
  141  9:38  Probe  
  142  9:39  Probe  
  142  9:43  Probe  
  135  9:53  Probe  
  135  9:55  Stalker x6  
  135  9:57  Probe  
  141  10:04  Zealot x2, Probe  
  141  10:05  Disruptor  
  141  10:06  Probe  
  136  10:18  Probe x2  
  136  10:19  Shield Battery  
  136  10:21  Photon Cannon, Probe  
  136  10:22  Photon Cannon  
  136  10:23  Probe  
  136  10:27  Zealot x3  
  144  10:30  Zealot, Probe  
  145  10:36  Zealot x3  
  145  10:40  Disruptor  
  150  10:43  Zealot  
  150  10:51  Templar Archives  
  142  11:05  Zealot x7  
  156  11:12  Photon Cannon  
  156  11:13  Shield Battery  
  156  11:15  Gateway x2  
  156  11:17  Photon Cannon, Observer  
  153  11:19  Pylon  
  143  11:26  Zealot x6  
  143  11:31  Shield Battery  
  154  11:45  Probe  
  154  11:46  Probe  
  148  11:49  Assimilator  
  148  11:50  Assimilator  
  148  11:54  Stalker  
  148  11:55  Stalker, Zealot x5  
Tags
 
Add a new tag
Caveats
  • Supply blocks, unpowered buildings, or Contaminate may cause inaccurate times.
  • Supply counts are checked every 10 seconds.